Workbook

Sheet Financial Models
B1: Instructions
B2: 1. Review the assumptions in the base model (scenario 1: Whole Foods Stand Alone Value) - Yellow boxes reflect assumptions you may/must change
B3: 2. Change the assumptions in scenarios 2-4 to reflect what you wouild expect to happen in the described scenarios (status quo, best case, etc)
B4: 3. Estimate the probability that each scenario will occur if they invest or do not invest (should add up to 100% in each case)
B5: 4. What is the expected value of pursuing the investment compared to choosing not to invest?
B6: 5. Draw a decision tree to reflect the analysis below. There is an example on the next sheet. You may simply do it with pencil/paper (nothing fancy needed).
B7: 6. Sensitivity analysis: What assumptions would change your recommended decision?
B9: Overview of Analysis
B10: NPV of scenario excluding $75M investment cost | H10: Probabilities (Buy WF scenarios): | L10: Probabilities (Don't Buy WF scenarios):
B11: =B28 -> Scenario (1): Status quo (no Δ #s & no rival) | F11: =D52 -> 9874.0175 | H11: Best case (2) | K11: 0.3 | L11: High return alternative | O11: 0.4
B12: =B57 -> Scenario (2): Best (Better #s & no rival) | F12: =D81 -> 28414.81 | H12: Middle case (3) | K12: 0.5 | L12: Low return alternative | O12: 0.6
B13: =B86 -> Scenario (3): Middle (Better #s & rival) | F13: =D110 -> 19214.036 | H13: Worst case (4) | K13: 0.1
B14: =B116 -> Scenario (4): Worst (No Δ in #s & rival) | F14: =D140 -> 7378.5424 | H14: Base case - status quo (1) | K14: 0.1
B15: =B145 -> Scenario (5): Don't buy - high return alternative | F15: =D169 -> 10104.66 | H15: Must add up to 100% | K15: =SUM(K11:K14) -> 1 | L15: Must add up to 100% | O15: =SUM(O11:O13) -> 1
B16: =B174 -> Scenario (6): Don't buy - Low return alternative | F16: =D200 -> 3674.4219 | H16: Expected Value (Invest) | K16: =K11*$F12+K12*$F13+K13*$F14+K14*$F11-$L21 -> 6156.7172 | L16: Expected Value (Don't Invest) | O16: =O11*F15+O12*F16 -> 6246.5172
H17: Decision (if accurate assumptions): | L17: =IF(K16>O16,"Invest for return of $"&ROUND(K16-O16,1),"Don't invest to avoid loss") -> Don't invest to avoid loss
B19: Initial Conditions (from case writeup):
C20: Revenue | D20: Share
B21: Revenue ($M) | C21: 15724 | F21: WF SG&A% | H21: 0.291 | J21: Acquisition cost | L21: 13700
F22: WholeFoods tax rate | H22: 0.386 | J22: Yrs to ramp up | L22: 3
F23: Amazon Cost of capital | H23: 0.11 | J23: WF initial profit margin | L23: 0.353
F24: WF Cost of capital | H24: 0.085 | J24: Terminal growth rate | L24: 0.04
B28: Scenario (1): Status quo (no Δ #s & no rival)
B30: Strategic Assumptions (Status quo from the case): | K30: Given Assumptions from the case
B31: Initial revenue bump for online rollout | F31: 0 | K31: Cost of acquisition | O31: 13700
B32: Annual WF Performance change: | F32: Sales Δ | G32: GrossMgn Δ | K32: Yrs required to execute online push | O32: 2
B33: before online push: | F33: 0.077 | G33: -0.003 | K33: WF initial market share | O33: 1
B34: after online push: | F34: 0.1 | G34: 0 | K34: WF initial profit margin | O34: =$L$23 -> 0.353
B35: after rivals online push: | F35: 0.077 | G35: -0.003 | K35: Cost of capital | O35: =$H$23 -> 0.11
B36: Rivals online push hits: | F36: 2099 | K36: Tax rate | O36: =H$22 -> 0.386
B37: Rival online push takes this share away: | F37: 0 | K37: Category growth rate: | O37: 0
K38: Terminal growth rate | O38: =$L$24 -> 0.04
D40: 2018 | E40: =D40+1 -> 2019 | F40: =E40+1 -> 2020 | G40: =F40+1 -> 2021 | H40: =G40+1 -> 2022 | I40: =H40+1 -> 2023 | J40: =I40+1 -> 2024 | K40: =J40+1 -> 2025 | L40: =K40+1 -> 2026 | ... N40: =M40+1 -> 2028 | O40: Terminal
B41: WF Revenue Change | D41: =O33 -> 1 | E41: =D41-IF(E40<($E40+$O32), -$F33,-$F34)-IF(E40=$F36,$F37,0)+IF(E40=$E40+$O32,$F31,0) -> 1.077 | F41: =E41-IF(F40<($E40+$O32), -$F33,-$F34)-IF(F40=$F36,$F37,0)+IF(F40=$E40+$O32,$F31,0) -> 1.154 | G41: =F41-IF(G40<($E40+$O32), -$F33,-$F34)-IF(G40=$F36,$F37,0)+IF(G40=$E40+$O32,$F31,0) -> 1.254 | H41: =G41-IF(H40<($E40+$O32), -$F33,-$F34)-IF(H40=$F36,$F37,0)+IF(H40=$E40+$O32,$F31,0)+IF(H40>$F36,$F35-$F34,0) -> 1.354 | I41: =H41-IF(I40<($E40+$O32), -$F33,-$F34)-IF(I40=$F36,$F37,0)+IF(I40=$E40+$O32,$F31,0)+IF(I40>$F36,$F35-$F34,0) -> 1.454 | J41: =I41-IF(J40<($E40+$O32), -$F33,-$F34)-IF(J40=$F36,$F37,0)+IF(J40=$E40+$O32,$F31,0)+IF(J40>$F36,$F35-$F34,0) -> 1.554 | K41: =J41-IF(K40<($E40+$O32), -$F33,-$F34)-IF(K40=$F36,$F37,0)+IF(K40=$E40+$O32,$F31,0)+IF(K40>$F36,$F35-$F34,0) -> 1.654 | L41: =K41-IF(L40<($E40+$O32), -$F33,-$F34)-IF(L40=$F36,$F37,0)+IF(L40=$E40+$O32,$F31,0)+IF(L40>$F36,$F35-$F34,0) -> 1.754 | M41: =L41-IF(M40<($E40+$O32), -$F33,-$F34)-IF(M40=$F36,$F37,0)+IF(M40=$E40+$O32,$F31,0)+IF(M40>$F36,$F35-$F34,0) -> 1.854 | N41: =M41-IF(N40<($E40+$O32), -$F33,-$F34)-IF(N40=$F36,$F37,0)+IF(N40=$E40+$O32,$F31,0)+IF(N40>$F36,$F35-$F34,0) -> 1.954
B42: Foreign Revenue | D42: =IF($O$22="Y",$J$25,0) -> 0 | E42: =(1+(E43-D43)/D43)*D42 -> 0 | F42: =(1+(F43-E43)/E43)*E42 -> 0 | G42: =(1+(G43-F43)/F43)*F42 -> 0 | H42: =(1+(H43-G43)/G43)*G42 -> 0 | I42: =(1+(I43-H43)/H43)*H42 -> 0 | J42: =(1+(J43-I43)/I43)*I42 -> 0 | K42: =(1+(K43-J43)/J43)*J42 -> 0 | L42: =(1+(L43-K43)/K43)*K42 -> 0 | ... N42: =(1+(N43-M43)/M43)*M42 -> 0
B43: Revenue | D43: =$C$21 -> 15724 | E43: =E41*$D43 -> 16934.748 | F43: =F41*$D43 -> 18145.496 | G43: =G41*$D43 -> 19717.896 | H43: =H41*$D43 -> 21290.296 | I43: =I41*$D43 -> 22862.696 | J43: =J41*$D43 -> 24435.096 | K43: =K41*$D43 -> 26007.496 | L43: =L41*$D43 -> 27579.896 | ... N43: =N41*$D43 -> 30724.696
B44: Profit margin | D44: =O34 -> 0.353 | E44: =D44+IF(E40<($E40+$O32), $G33,0)+IF(AND(E40>$E40+$O32,E40<$F36),$G34,0)+IF(AND(E40>$E40+$O32,E40>$F36-1),$G35,0) -> 0.35 | F44: =E44+IF(F40<($E40+$O32), $G33,0)+IF(AND(F40>$E40+$O32,F40<$F36),$G34,0)+IF(AND(F40>$E40+$O32,F40>$F36-1),$G35,0) -> 0.347 | G44: =F44+IF(G40<($E40+$O32), $G33,0)+IF(AND(G40>$E40+$O32,G40<$F36),$G34,0)+IF(AND(G40>$E40+$O32,G40>$F36-1),$G35,0) -> 0.347 | H44: =G44+IF(H40<($E40+$O32), $G33,0)+IF(AND(H40>$E40+$O32,H40<$F36),$G34,0)+IF(AND(H40>$E40+$O32,H40>$F36-1),$G35,0) -> 0.347 | I44: =H44+IF(I40<($E40+$O32), $G33,0)+IF(AND(I40>$E40+$O32,I40<$F36),$G34,0)+IF(AND(I40>$E40+$O32,I40>$F36-1),$G35,0) -> 0.347 | J44: =I44+IF(J40<($E40+$O32), $G33,0)+IF(AND(J40>$E40+$O32,J40<$F36),$G34,0)+IF(AND(J40>$E40+$O32,J40>$F36-1),$G35,0) -> 0.347 | K44: =J44+IF(K40<($E40+$O32), $G33,0)+IF(AND(K40>$E40+$O32,K40<$F36),$G34,0)+IF(AND(K40>$E40+$O32,K40>$F36-1),$G35,0) -> 0.347 | L44: =K44+IF(L40<($E40+$O32), $G33,0)+IF(AND(L40>$E40+$O32,L40<$F36),$G34,0)+IF(AND(L40>$E40+$O32,L40>$F36-1),$G35,0) -> 0.347 | ... N44: =M44+IF(N40<($E40+$O32), $G33,0)+IF(AND(N40>$E40+$O32,N40<$F36),$G34,0)+IF(AND(N40>$E40+$O32,N40>$F36-1),$G35,0) -> 0.347
B45: Gross Margin | D45: =D44*(D43+D42) -> 5550.572 | E45: =E44*(E43+E42) -> 5927.1618 | F45: =F44*(F43+F42) -> 6296.4871 | G45: =G44*(G43+G42) -> 6842.1099 | H45: =H44*(H43+H42) -> 7387.7327 | I45: =I44*(I43+I42) -> 7933.3555 | J45: =J44*(J43+J42) -> 8478.9783 | K45: =K44*(K43+K42) -> 9024.6011 | ... N45: =N44*(N43+N42) -> 10661.47
B46: SG&A | D46: =(D43+D42)*$H$21 -> 4575.684 | E46: =(E43+E42)*$H$21 -> 4928.0117 | F46: =(F43+F42)*$H$21 -> 5280.3393 | G46: =(G43+G42)*$H$21 -> 5737.9077 | H46: =(H43+H42)*$H$21 -> 6195.4761 | I46: =(I43+I42)*$H$21 -> 6653.0445 | J46: =(J43+J42)*$H$21 -> 7110.6129 | K46: =(K43+K42)*$H$21 -> 7568.1813 | ... N46: =(N43+N42)*$H$21 -> 8940.8865
B47: Operating profit | D47: =D45-D46 -> 974.888 | E47: =E45-E46 -> 999.15013 | F47: =F45-F46 -> 1016.1478 | G47: =G45-G46 -> 1104.2022 | H47: =H45-H46 -> 1192.2566 | I47: =I45-I46 -> 1280.311 | J47: =J45-J46 -> 1368.3654 | K47: =K45-K46 -> 1456.4198 | ... N47: =N45-N46 -> 1720.583
B48: Taxes | D48: =D47*$O36 -> 376.30677 | E48: =E47*$O36 -> 385.67195 | F48: =F47*$O36 -> 392.23304 | G48: =G47*$O36 -> 426.22204 | H48: =H47*$O36 -> 460.21104 | I48: =I47*$O36 -> 494.20004 | J48: =J47*$O36 -> 528.18904 | K48: =K47*$O36 -> 562.17803 | ... N48: =N47*$O36 -> 664.14503
B49: Profit After Tax | D49: =D47-D48 -> 598.58123 | E49: =E47-E48 -> 613.47818 | F49: =F47-F48 -> 623.91473 | G49: =G47-G48 -> 677.98014 | H49: =H47-H48 -> 732.04554 | I49: =I47-I48 -> 786.11094 | J49: =J47-J48 -> 840.17634 | K49: =K47-K48 -> 894.24174 | ... N49: =N47-N48 -> 1056.4379
B50: Discounted Cash Flows | D50: =D49/(1+$O35)^(D40-2018) -> 598.58123 | E50: =E49/(1+$O35)^(E40-2018) -> 552.68305 | F50: =F49/(1+$O35)^(F40-2018) -> 506.38319 | G50: =G49/(1+$O35)^(G40-2018) -> 495.73323 | H50: =H49/(1+$O35)^(H40-2018) -> 482.22107 | I50: =I49/(1+$O35)^(I40-2018) -> 466.51858 | J50: =J49/(1+$O35)^(J40-2018) -> 449.19258 | K50: =K49/(1+$O35)^(K40-2018) -> 430.71906 | ... N50: =N49/(1+$O35)^(N40-2018) -> 372.06105 | O50: =N50/(O35-O38) -> 5315.1578
B52: Value Created | D52: =SUM(E50:O50) -> 9874.0175 | E52: Use at the end of a tree branch to reflect the value created in this scenario
B53: Less investment | D53: =IF(OR(F31>0, F33<>F34),O31,0) -> 13700
B54: Net Value Created | D54: =D52-D53 -> -3825.9825
B57: Scenario (2): Best (Better #s & no rival)
B59: Strategic Assumptions (Status quo from the case): | K59: Given Assumptions from the case
B60: Initial revenue bump for online rollout | F60: 0.2 | K60: Cost of acquisition | O60: 13700
B61: Annual WF Performance change: | F61: Sales Δ | G61: GrossMgn Δ | K61: Yrs required to execute online push | O61: 2
B62: before online push: | F62: 0.077 | G62: 0 | K62: WF initial market share | O62: 1
B63: after online push: | F63: 0.2 | G63: 0.01 | K63: WF initial profit margin | O63: =$L$23 -> 0.353
B64: after rivals online push: | F64: 0.1 | G64: 0.005 | K64: Cost of capital | O64: =$H$23 -> 0.11
B65: Rivals online push hits: | F65: 2099 | K65: Tax rate | O65: =H$22 -> 0.386
B66: Rival online push takes this share away: | F66: 0 | K66: Category growth rate: | O66: 0
K67: Terminal growth rate | O67: =$L$24 -> 0.04
D69: 2018 | E69: =D69+1 -> 2019 | F69: =E69+1 -> 2020 | G69: =F69+1 -> 2021 | H69: =G69+1 -> 2022 | I69: =H69+1 -> 2023 | J69: =I69+1 -> 2024 | K69: =J69+1 -> 2025 | L69: =K69+1 -> 2026 | ... N69: =M69+1 -> 2028 | O69: Terminal
B70: WF Revenue Change | D70: =O62 -> 1 | E70: =D70-IF(E69<($E69+$O61), -$F62,-$F63)-IF(E69=$F65,$F66,0)+IF(E69=$E69+$O61,$F60,0) -> 1.077 | F70: =E70-IF(F69<($E69+$O61), -$F62,-$F63)-IF(F69=$F65,$F66,0)+IF(F69=$E69+$O61,$F60,0) -> 1.154 | G70: =F70-IF(G69<($E69+$O61), -$F62,-$F63)-IF(G69=$F65,$F66,0)+IF(G69=$E69+$O61,$F60,0) -> 1.554 | H70: =G70-IF(H69<($E69+$O61), -$F62,-$F63)-IF(H69=$F65,$F66,0)+IF(H69=$E69+$O61,$F60,0)+IF(H69>$F65,$F64-$F63,0) -> 1.754 | I70: =H70-IF(I69<($E69+$O61), -$F62,-$F63)-IF(I69=$F65,$F66,0)+IF(I69=$E69+$O61,$F60,0)+IF(I69>$F65,$F64-$F63,0) -> 1.954 | J70: =I70-IF(J69<($E69+$O61), -$F62,-$F63)-IF(J69=$F65,$F66,0)+IF(J69=$E69+$O61,$F60,0)+IF(J69>$F65,$F64-$F63,0) -> 2.154 | K70: =J70-IF(K69<($E69+$O61), -$F62,-$F63)-IF(K69=$F65,$F66,0)+IF(K69=$E69+$O61,$F60,0)+IF(K69>$F65,$F64-$F63,0) -> 2.354 | L70: =K70-IF(L69<($E69+$O61), -$F62,-$F63)-IF(L69=$F65,$F66,0)+IF(L69=$E69+$O61,$F60,0)+IF(L69>$F65,$F64-$F63,0) -> 2.554 | M70: =L70-IF(M69<($E69+$O61), -$F62,-$F63)-IF(M69=$F65,$F66,0)+IF(M69=$E69+$O61,$F60,0)+IF(M69>$F65,$F64-$F63,0) -> 2.754 | N70: =M70-IF(N69<($E69+$O61), -$F62,-$F63)-IF(N69=$F65,$F66,0)+IF(N69=$E69+$O61,$F60,0)+IF(N69>$F65,$F64-$F63,0) -> 2.954
B71: Foreign Revenue | D71: =IF($O$22="Y",$J$25,0) -> 0 | E71: =(1+(E72-D72)/D72)*D71 -> 0 | F71: =(1+(F72-E72)/E72)*E71 -> 0 | G71: =(1+(G72-F72)/F72)*F71 -> 0 | H71: =(1+(H72-G72)/G72)*G71 -> 0 | I71: =(1+(I72-H72)/H72)*H71 -> 0 | J71: =(1+(J72-I72)/I72)*I71 -> 0 | K71: =(1+(K72-J72)/J72)*J71 -> 0 | L71: =(1+(L72-K72)/K72)*K71 -> 0 | ... N71: =(1+(N72-M72)/M72)*M71 -> 0
B72: Revenue | D72: =$C$21 -> 15724 | E72: =E70*$D72 -> 16934.748 | F72: =F70*$D72 -> 18145.496 | G72: =G70*$D72 -> 24435.096 | H72: =H70*$D72 -> 27579.896 | I72: =I70*$D72 -> 30724.696 | J72: =J70*$D72 -> 33869.496 | K72: =K70*$D72 -> 37014.296 | L72: =L70*$D72 -> 40159.096 | ... N72: =N70*$D72 -> 46448.696
B73: Profit margin | D73: =O63 -> 0.353 | E73: =D73+IF(E69<($E69+$O61), $G62,0)+IF(AND(E69>$E69+$O61,E69<$F65),$G63,0)+IF(AND(E69>$E69+$O61,E69>$F65-1),$G64,0) -> 0.353 | F73: =E73+IF(F69<($E69+$O61), $G62,0)+IF(AND(F69>$E69+$O61,F69<$F65),$G63,0)+IF(AND(F69>$E69+$O61,F69>$F65-1),$G64,0) -> 0.353 | G73: =F73+IF(G69<($E69+$O61), $G62,0)+IF(AND(G69>$E69+$O61,G69<$F65),$G63,0)+IF(AND(G69>$E69+$O61,G69>$F65-1),$G64,0) -> 0.353 | H73: =G73+IF(H69<($E69+$O61), $G62,0)+IF(AND(H69>$E69+$O61,H69<$F65),$G63,0)+IF(AND(H69>$E69+$O61,H69>$F65-1),$G64,0) -> 0.363 | I73: =H73+IF(I69<($E69+$O61), $G62,0)+IF(AND(I69>$E69+$O61,I69<$F65),$G63,0)+IF(AND(I69>$E69+$O61,I69>$F65-1),$G64,0) -> 0.373 | J73: =I73+IF(J69<($E69+$O61), $G62,0)+IF(AND(J69>$E69+$O61,J69<$F65),$G63,0)+IF(AND(J69>$E69+$O61,J69>$F65-1),$G64,0) -> 0.383 | K73: =J73+IF(K69<($E69+$O61), $G62,0)+IF(AND(K69>$E69+$O61,K69<$F65),$G63,0)+IF(AND(K69>$E69+$O61,K69>$F65-1),$G64,0) -> 0.393 | L73: =K73+IF(L69<($E69+$O61), $G62,0)+IF(AND(L69>$E69+$O61,L69<$F65),$G63,0)+IF(AND(L69>$E69+$O61,L69>$F65-1),$G64,0) -> 0.403 | ... N73: =M73+IF(N69<($E69+$O61), $G62,0)+IF(AND(N69>$E69+$O61,N69<$F65),$G63,0)+IF(AND(N69>$E69+$O61,N69>$F65-1),$G64,0) -> 0.423
B74: Gross Margin | D74: =D73*(D72+D71) -> 5550.572 | E74: =E73*(E72+E71) -> 5977.966 | F74: =F73*(F72+F71) -> 6405.3601 | G74: =G73*(G72+G71) -> 8625.5889 | H74: =H73*(H72+H71) -> 10011.502 | I74: =I73*(I72+I71) -> 11460.312 | J74: =J73*(J72+J71) -> 12972.017 | K74: =K73*(K72+K71) -> 14546.618 | ... N74: =N73*(N72+N71) -> 19647.798
B75: SG&A | D75: =(D72+D71)*$H$21 -> 4575.684 | E75: =(E72+E71)*$H$21 -> 4928.0117 | F75: =(F72+F71)*$H$21 -> 5280.3393 | G75: =(G72+G71)*$H$21 -> 7110.6129 | H75: =(H72+H71)*$H$21 -> 8025.7497 | I75: =(I72+I71)*$H$21 -> 8940.8865 | J75: =(J72+J71)*$H$21 -> 9856.0233 | K75: =(K72+K71)*$H$21 -> 10771.16 | ... N75: =(N72+N71)*$H$21 -> 13516.571
B76: Operating profit | D76: =D74-D75 -> 974.888 | E76: =E74-E75 -> 1049.9544 | F76: =F74-F75 -> 1125.0208 | G76: =G74-G75 -> 1514.976 | H76: =H74-H75 -> 1985.7525 | I76: =I74-I75 -> 2519.4251 | J76: =J74-J75 -> 3115.9936 | K76: =K74-K75 -> 3775.4582 | ... N76: =N74-N75 -> 6131.2279
B77: Taxes | D77: =D76*$O65 -> 376.30677 | E77: =E76*$O65 -> 405.28239 | F77: =F76*$O65 -> 434.25801 | G77: =G76*$O65 -> 584.78072 | H77: =H76*$O65 -> 766.50047 | I77: =I76*$O65 -> 972.49808 | J77: =J76*$O65 -> 1202.7735 | K77: =K76*$O65 -> 1457.3269 | ... N77: =N76*$O65 -> 2366.654
B78: Profit After Tax | D78: =D76-D77 -> 598.58123 | E78: =E76-E77 -> 644.67199 | F78: =F76-F77 -> 690.76274 | G78: =G76-G77 -> 930.19523 | H78: =H76-H77 -> 1219.252 | I78: =I76-I77 -> 1546.927 | J78: =J76-J77 -> 1913.2201 | K78: =K76-K77 -> 2318.1313 | ... N78: =N76-N77 -> 3764.5739
B79: Discounted Cash Flows | D79: =D78/(1+$O64)^(D69-2018) -> 598.58123 | E79: =E78/(1+$O64)^(E69-2018) -> 580.78557 | F79: =F78/(1+$O64)^(F69-2018) -> 560.63854 | G79: =G78/(1+$O64)^(G69-2018) -> 680.15074 | H79: =H78/(1+$O64)^(H69-2018) -> 803.15909 | I79: =I78/(1+$O64)^(I69-2018) -> 918.02588 | J79: =J78/(1+$O64)^(J69-2018) -> 1022.8856 | K79: =K78/(1+$O64)^(K69-2018) -> 1116.5475 | ... N79: =N78/(1+$O64)^(N69-2018) -> 1325.8245 | O79: =N79/(O64-O67) -> 18940.35
B81: Value Created | D81: =SUM(E79:O79) -> 28414.81 | E81: Use at the end of a tree branch to reflect the value created in this scenario
B82: Less investment | D82: =IF(OR(F60>0, F62<>F63),O60,0) -> 13700
B83: Net Value Created | D83: =D81-D82 -> 14714.81
B86: Scenario (3): Middle (Better #s & rival)
B88: Strategic Assumptions (Status quo from the case): | K88: Given Assumptions from the case
B89: Initial revenue bump for online rollout | F89: 0.2 | K89: Cost of acquisition | O89: 13700
B90: Annual WF Performance change: | F90: Sales Δ | G90: GrossMgn Δ | K90: Yrs required to execute online push | O90: 2
B91: before online push: | F91: 0.077 | G91: 0 | K91: WF initial market share | O91: 1
B92: after online push: | F92: 0.2 | G92: 0.01 | K92: WF initial profit margin | O92: =$L$23 -> 0.353
B93: after rivals online push: | F93: 0.08 | G93: 0.005 | K93: Cost of capital | O93: =$H$23 -> 0.11
B94: Rivals online push hits: | F94: 2023 | K94: Tax rate | O94: =H$22 -> 0.386
B95: Rival online push takes this share away: | F95: 0.02 | K95: Category growth rate: | O95: 0
K96: Terminal growth rate | O96: =$L$24 -> 0.04
D98: 2018 | E98: =D98+1 -> 2019 | F98: =E98+1 -> 2020 | G98: =F98+1 -> 2021 | H98: =G98+1 -> 2022 | I98: =H98+1 -> 2023 | J98: =I98+1 -> 2024 | K98: =J98+1 -> 2025 | L98: =K98+1 -> 2026 | ... N98: =M98+1 -> 2028 | O98: Terminal
B99: WF Revenue Change | D99: =O91 -> 1 | E99: =D99-IF(E98<($E98+$O90), -$F91,-$F92)-IF(E98=$F94,$F95,0)+IF(E98=$E98+$O90,$F89,0) -> 1.077 | F99: =E99-IF(F98<($E98+$O90), -$F91,-$F92)-IF(F98=$F94,$F95,0)+IF(F98=$E98+$O90,$F89,0) -> 1.154 | G99: =F99-IF(G98<($E98+$O90), -$F91,-$F92)-IF(G98=$F94,$F95,0)+IF(G98=$E98+$O90,$F89,0) -> 1.554 | H99: =G99-IF(H98<($E98+$O90), -$F91,-$F92)-IF(H98=$F94,$F95,0)+IF(H98=$E98+$O90,$F89,0)+IF(H98>$F94,$F93-$F92,0) -> 1.754 | I99: =H99-IF(I98<($E98+$O90), -$F91,-$F92)-IF(I98=$F94,$F95,0)+IF(I98=$E98+$O90,$F89,0)+IF(I98>$F94,$F93-$F92,0) -> 1.934 | J99: =I99-IF(J98<($E98+$O90), -$F91,-$F92)-IF(J98=$F94,$F95,0)+IF(J98=$E98+$O90,$F89,0)+IF(J98>$F94,$F93-$F92,0) -> 2.014 | K99: =J99-IF(K98<($E98+$O90), -$F91,-$F92)-IF(K98=$F94,$F95,0)+IF(K98=$E98+$O90,$F89,0)+IF(K98>$F94,$F93-$F92,0) -> 2.094 | L99: =K99-IF(L98<($E98+$O90), -$F91,-$F92)-IF(L98=$F94,$F95,0)+IF(L98=$E98+$O90,$F89,0)+IF(L98>$F94,$F93-$F92,0) -> 2.174 | M99: =L99-IF(M98<($E98+$O90), -$F91,-$F92)-IF(M98=$F94,$F95,0)+IF(M98=$E98+$O90,$F89,0)+IF(M98>$F94,$F93-$F92,0) -> 2.254 | N99: =M99-IF(N98<($E98+$O90), -$F91,-$F92)-IF(N98=$F94,$F95,0)+IF(N98=$E98+$O90,$F89,0)+IF(N98>$F94,$F93-$F92,0) -> 2.334
B100: Foreign Revenue | D100: =IF($O$22="Y",$J$25,0) -> 0 | E100: =(1+(E101-D101)/D101)*D100 -> 0 | F100: =(1+(F101-E101)/E101)*E100 -> 0 | G100: =(1+(G101-F101)/F101)*F100 -> 0 | H100: =(1+(H101-G101)/G101)*G100 -> 0 | I100: =(1+(I101-H101)/H101)*H100 -> 0 | J100: =(1+(J101-I101)/I101)*I100 -> 0 | K100: =(1+(K101-J101)/J101)*J100 -> 0 | L100: =(1+(L101-K101)/K101)*K100 -> 0 | ... N100: =(1+(N101-M101)/M101)*M100 -> 0
B101: Revenue | D101: =$C$21 -> 15724 | E101: =E99*$D101 -> 16934.748 | F101: =F99*$D101 -> 18145.496 | G101: =G99*$D101 -> 24435.096 | H101: =H99*$D101 -> 27579.896 | I101: =I99*$D101 -> 30410.216 | J101: =J99*$D101 -> 31668.136 | K101: =K99*$D101 -> 32926.056 | L101: =L99*$D101 -> 34183.976 | ... N101: =N99*$D101 -> 36699.816
B102: Profit margin | D102: =O92 -> 0.353 | E102: =D102+IF(E98<($E98+$O90), $G91,0)+IF(AND(E98>$E98+$O90,E98<$F94),$G92,0)+IF(AND(E98>$E98+$O90,E98>$F94-1),$G93,0) -> 0.353 | F102: =E102+IF(F98<($E98+$O90), $G91,0)+IF(AND(F98>$E98+$O90,F98<$F94),$G92,0)+IF(AND(F98>$E98+$O90,F98>$F94-1),$G93,0) -> 0.353 | G102: =F102+IF(G98<($E98+$O90), $G91,0)+IF(AND(G98>$E98+$O90,G98<$F94),$G92,0)+IF(AND(G98>$E98+$O90,G98>$F94-1),$G93,0) -> 0.353 | H102: =G102+IF(H98<($E98+$O90), $G91,0)+IF(AND(H98>$E98+$O90,H98<$F94),$G92,0)+IF(AND(H98>$E98+$O90,H98>$F94-1),$G93,0) -> 0.363 | I102: =H102+IF(I98<($E98+$O90), $G91,0)+IF(AND(I98>$E98+$O90,I98<$F94),$G92,0)+IF(AND(I98>$E98+$O90,I98>$F94-1),$G93,0) -> 0.368 | J102: =I102+IF(J98<($E98+$O90), $G91,0)+IF(AND(J98>$E98+$O90,J98<$F94),$G92,0)+IF(AND(J98>$E98+$O90,J98>$F94-1),$G93,0) -> 0.373 | K102: =J102+IF(K98<($E98+$O90), $G91,0)+IF(AND(K98>$E98+$O90,K98<$F94),$G92,0)+IF(AND(K98>$E98+$O90,K98>$F94-1),$G93,0) -> 0.378 | L102: =K102+IF(L98<($E98+$O90), $G91,0)+IF(AND(L98>$E98+$O90,L98<$F94),$G92,0)+IF(AND(L98>$E98+$O90,L98>$F94-1),$G93,0) -> 0.383 | ... N102: =M102+IF(N98<($E98+$O90), $G91,0)+IF(AND(N98>$E98+$O90,N98<$F94),$G92,0)+IF(AND(N98>$E98+$O90,N98>$F94-1),$G93,0) -> 0.393
B103: Gross Margin | D103: =D102*(D101+D100) -> 5550.572 | E103: =E102*(E101+E100) -> 5977.966 | F103: =F102*(F101+F100) -> 6405.3601 | G103: =G102*(G101+G100) -> 8625.5889 | H103: =H102*(H101+H100) -> 10011.502 | I103: =I102*(I101+I100) -> 11190.959 | J103: =J102*(J101+J100) -> 11812.215 | K103: =K102*(K101+K100) -> 12446.049 | ... N103: =N102*(N101+N100) -> 14423.028
B104: SG&A | D104: =(D101+D100)*$H$21 -> 4575.684 | E104: =(E101+E100)*$H$21 -> 4928.0117 | F104: =(F101+F100)*$H$21 -> 5280.3393 | G104: =(G101+G100)*$H$21 -> 7110.6129 | H104: =(H101+H100)*$H$21 -> 8025.7497 | I104: =(I101+I100)*$H$21 -> 8849.3729 | J104: =(J101+J100)*$H$21 -> 9215.4276 | K104: =(K101+K100)*$H$21 -> 9581.4823 | ... N104: =(N101+N100)*$H$21 -> 10679.646
B105: Operating profit | D105: =D103-D104 -> 974.888 | E105: =E103-E104 -> 1049.9544 | F105: =F103-F104 -> 1125.0208 | G105: =G103-G104 -> 1514.976 | H105: =H103-H104 -> 1985.7525 | I105: =I103-I104 -> 2341.5866 | J105: =J103-J104 -> 2596.7872 | K105: =K103-K104 -> 2864.5669 | ... N105: =N103-N104 -> 3743.3812
B106: Taxes | D106: =D105*$O94 -> 376.30677 | E106: =E105*$O94 -> 405.28239 | F106: =F105*$O94 -> 434.25801 | G106: =G105*$O94 -> 584.78072 | H106: =H105*$O94 -> 766.50047 | I106: =I105*$O94 -> 903.85244 | J106: =J105*$O94 -> 1002.3598 | K106: =K105*$O94 -> 1105.7228 | ... N106: =N105*$O94 -> 1444.9452
B107: Profit After Tax | D107: =D105-D106 -> 598.58123 | E107: =E105-E106 -> 644.67199 | F107: =F105-F106 -> 690.76274 | G107: =G105-G106 -> 930.19523 | H107: =H105-H106 -> 1219.252 | I107: =I105-I106 -> 1437.7342 | J107: =J105-J106 -> 1594.4273 | K107: =K105-K106 -> 1758.8441 | ... N107: =N105-N106 -> 2298.4361
B108: Discounted Cash Flows | D108: =D107/(1+$O93)^(D98-2018) -> 598.58123 | E108: =E107/(1+$O93)^(E98-2018) -> 580.78557 | F108: =F107/(1+$O93)^(F98-2018) -> 560.63854 | G108: =G107/(1+$O93)^(G98-2018) -> 680.15074 | H108: =H107/(1+$O93)^(H98-2018) -> 803.15909 | I108: =I107/(1+$O93)^(I98-2018) -> 853.22527 | J108: =J107/(1+$O93)^(J98-2018) -> 852.44595 | K108: =K107/(1+$O93)^(K98-2018) -> 847.16203 | ... N108: =N107/(1+$O93)^(N98-2018) -> 809.47351 | O108: =N108/(O93-O96) -> 11563.907
B110: Value Created | D110: =SUM(E108:O108) -> 19214.036 | E110: Use at the end of a tree branch to reflect the value created in this scenario
B111: Less investment | D111: =IF(OR(F89>0, F91<>F92),O89,0) -> 13700
B112: Net Value Created | D112: =D110-D111 -> 5514.0363
B116: Scenario (4): Worst (No Δ in #s & rival)
B118: Strategic Assumptions (Status quo from the case): | K118: Given Assumptions from the case
B119: Initial revenue bump for online rollout | F119: 0 | K119: Cost of acquisition | O119: 13700
B120: Annual WF Performance change: | F120: Sales Δ | G120: GrossMgn Δ | K120: Yrs required to execute online push | O120: 2
B121: before online push: | F121: 0.077 | G121: -0.003 | K121: WF initial market share | O121: 1
B122: after online push: | F122: 0.1 | G122: 0 | K122: WF initial profit margin | O122: =$L$23 -> 0.353
...

Sheet Example Decision Tree
A1: Amazon/Whole Foods Decision Analysis
D2: ='Financial Models'!K12+'Financial Models'!K13 -> 0.6 | E2: =_xll.PTreeNodeProbability(treeCalc_1!$F$2,6) -> 0.48
D3: ='Financial Models'!F13 -> 19214.036 | E3: =_xll.PTreeNodeValue(treeCalc_1!$F$2,6) -> 5514.0363
C4: ='Financial Models'!K11+'Financial Models'!K12 -> 0.8 | D4: Rival
C5: 0 | D5: =_xll.PTreeNodeValue(treeCalc_1!$F$2,4) -> 9194.3458
D6: =1-D2 -> 0.4 | E6: =_xll.PTreeNodeProbability(treeCalc_1!$F$2,7) -> 0.32
D7: ='Financial Models'!F12 -> 28414.81 | E7: =_xll.PTreeNodeValue(treeCalc_1!$F$2,7) -> 14714.81
B8: =_xll.PTreeNodeDecision(treeCalc_1!$F$2,2) -> TRUE | C8: #s (Revenue & Mgn)
B9: =-'Financial Models'!L21 -> -13700 | C9: =_xll.PTreeNodeValue(treeCalc_1!$F$2,2) -> 6290.8231
D10: =D2 -> 0.6 | E10: =_xll.PTreeNodeProbability(treeCalc_1!$F$2,8) -> 0.12
D11: ='Financial Models'!F14 -> 7378.5424 | E11: =_xll.PTreeNodeValue(treeCalc_1!$F$2,8) -> -6321.4576
C12: =1-C4 -> 0.2 | D12: Rival
C13: 0 | D13: =_xll.PTreeNodeValue(treeCalc_1!$F$2,5) -> -5323.2676
D14: =D6 -> 0.4 | E14: =_xll.PTreeNodeProbability(treeCalc_1!$F$2,9) -> 0.08
D15: ='Financial Models'!F11 -> 9874.0175 | E15: =_xll.PTreeNodeValue(treeCalc_1!$F$2,9) -> -3825.9825
B16: Buy WF?
B17: =_xll.PTreeNodeValue(treeCalc_1!$F$2,1) -> 6290.8231
C18: ='Financial Models'!O11 -> 0.4 | D18: =_xll.PTreeNodeProbability(treeCalc_1!$F$2,18) -> 0
C19: ='Financial Models'!F15 -> 10104.66 | D19: =_xll.PTreeNodeValue(treeCalc_1!$F$2,18) -> 10104.66
B20: =_xll.PTreeNodeDecision(treeCalc_1!$F$2,3) -> FALSE | C20: Alt Invstmnt
B21: 0 | C21: =_xll.PTreeNodeValue(treeCalc_1!$F$2,3) -> 6246.5172
C22: =1-C18 -> 0.6 | D22: =_xll.PTreeNodeProbability(treeCalc_1!$F$2,19) -> 0
C23: ='Financial Models'!F16 -> 3674.4219 | D23: =_xll.PTreeNodeValue(treeCalc_1!$F$2,19) -> 3674.4219

Sheet Sensitivity

Sheet Sheet1
B1: 2016 | C1: =B1-1 -> 2015 | D1: =C1-1 -> 2014 | E1: =D1-1 -> 2013 | F1: =E1-1 -> 2012
A2: Revenue | B2: 15724 | C2: 15389 | D2: 14194 | E2: 12920 | F2: 11700
A3: Gross Profit | B3: 5411 | C3: 5416 | D3: 5044 | E3: 4630 | F3: 4160
A4: GrossMgn | B4: =B3/B2 -> 0.34412363 | C4: =C3/C2 -> 0.3519397 | D4: =D3/D2 -> 0.35536142 | E4: =E3/E2 -> 0.35835913 | F4: =F3/F2 -> 0.35555556 | G4: =AVERAGE(B4:F4) -> 0.35306789
A5: SG&A | B5: =B3-B7 -> 4554 | C5: =C3-C7 -> 4555 | D5: =D3-D7 -> 4110 | E5: 3730 | F5: 3400
A6: SG&A% | B6: =B5/B2 -> 0.28962096 | C6: =C5/C2 -> 0.29599064 | D6: =D5/D2 -> 0.28955897 | E6: =E5/E2 -> 0.28869969 | F6: =F5/F2 -> 0.29059829 | G6: =AVERAGE(B6:F6) -> 0.29089371
A7: Op Inc | B7: 857 | C7: 861 | D7: 934 | E7: =E3-E5 -> 900 | F7: =F3-F5 -> 760
A8: IncBefTax | B8: 827 | C8: 878 | D8: 946 | E8: 894 | F8: 752
A9: Tax Exp | B9: 320 | C9: 342 | D9: 367 | E9: 343 | F9: 286.47
A10: TaxRate | B10: =B9/B8 -> 0.38694075 | C10: =C9/C8 -> 0.38952164 | D10: =D9/D8 -> 0.38794926 | E10: =E9/E8 -> 0.3836689 | F10: =F9/F8 -> 0.38094415 | G10: =AVERAGE(B10:F10) -> 0.38580494
A11: NetInc | B11: 507 | C11: 536 | D11: 579 | E11: 551 | F11: 465.57
B12: =B11/B2 -> 0.032243704 | C12: =C11/C2 -> 0.034830073 | D12: =D11/D2 -> 0.040791884 | E12: =E11/E2 -> 0.042647059 | F12: =F11/F2 -> 0.039792308
A14: RevGrow | B14: =(B2-C2)/C2 -> 0.021768796 | C14: =(C2-D2)/D2 -> 0.084190503 | D14: =(D2-E2)/E2 -> 0.098606811 | E14: =(E2-F2)/F2 -> 0.1042735 | G14: =AVERAGE(B14:F14) -> 0.077209904 | H14: =AVERAGE(B14:D14) -> 0.068188703 | I14: =AVERAGE(C14:E14) -> 0.095690273
A15: NetIncGrow | B15: =(B11-C11)/C11 -> -0.054104478 | C15: =(C11-D11)/D11 -> -0.074265976 | D15: =(D11-E11)/E11 -> 0.050816697 | E15: =(E11-F11)/F11 -> 0.1834955 | G15: =AVERAGE(B15:F15) -> 0.026485436 | H15: =AVERAGE(B15:D15) -> -0.025851252
B16: =B12-C12 -> -0.0025863695 | C16: =C12-D12 -> -0.0059618105 | D16: =D12-E12 -> -0.0018551749 | E16: =E12-F12 -> 0.0028547511 | G16: =AVERAGE(B16:F16) -> -0.001887151 | H16: =AVERAGE(B16:D16) -> -0.003467785
B17: =B4-C4 -> -0.0078160645 | C17: =C4-D4 -> -0.0034217231 | D17: =D4-E4 -> -0.0029977128 | E17: =E4-F4 -> 0.0028035776 | G17: =AVERAGE(B17:F17) -> -0.0028579807 | H17: =AVERAGE(B17:D17) -> -0.0047451668
A20: Before bid | B20: 33.06 | C20: =(B21-B20)/B20 -> 0.27041742 | D20: Premium
A21: After bid | B21: 42
A23: Before bid | B23: 30 | C23: =(B24-B23)/B23 -> 0.4 | D23: Premium
A24: After bid | B24: 42

Sheet treeCalc_1
A1: Name | B1: WF Decision | E1: Ptree1 Compatibility | F1: 3 | H1: Output Label | K1: R-Value Ref. | L1: 100
A2: SheetRef | B2: ='Example Decision Tree'!#REF! -> #REF! | E2: Eval. Function | F2: =_xll.PTreeEvaluate5(B3,$L$11:$L$29,$J$11:$J$29,$K$11:$K$29,$N$11:$N$29,$G$11:$G$29,,L1) -> 77185
A3: GenInfo | B3: 0,1,1,0,0,Exponential, 0,0,-1,0,-1,-1,.0001 | E3: Creation Version | F3: 7.5.0 | H3: Output Value NF | I3: <NF>
A4: Def. Link | B4: = | E4: Required Version | F4: 5.0.0 | H4: Output Prob NF | I4: Automatic
A5: EXT REFS | B5: 0 | E5: Recommended Version | F5: 5.0.0 | H5: Input Value NF | I5: <NF>
A6: Def. Form | E6: Last Modified By Version | F6: 7.5.0 | H6: Input Prob NF | I6: Automatic
A7: Calc Macro | E7: Model GUID | F7: 36637329
A8: Highest# | B8: 19
A10: Anchor Cell | B10: Branch Name | C10: bformtype | D10: valformula | E10: pbformula | F10: distribution | G10: cumPayoffFunction | H10: link | I10: ENDNODEFORMULA | J10: VAL | K10: PB | L10: GenInfo | M10: IntRefs | N10: RefRefs | O10: NodeNames | P10: Collapsed
A11: ='Example Decision Tree'!$B$17 -> 6290.8231 | B11: =B1 -> WF Decision | C11: 0 | I11: DEFAULT | J11: ='Example Decision Tree'!$A$17 -> 0 | K11: ='Example Decision Tree'!$A$16 -> 0 | L11: 2,0,0,2,2,3,0,0,0 | M11: 0 | O11: ='Example Decision Tree'!$B$16 -> Buy WF? | P11: FALSE
A12: ='Example Decision Tree'!$C$9 -> 6290.8231 | B12: Buy | C12: 0 | I12: DEFAULT | J12: ='Example Decision Tree'!$B$9 -> -13700 | L12: 1,0,0,2,4,5,1,0,0 | M12: 0 | O12: ='Example Decision Tree'!$C$8 -> #s (Revenue & Mgn) | P12: FALSE
A13: ='Example Decision Tree'!$C$21 -> 6246.5172 | B13: Don't Buy | C13: 0 | I13: DEFAULT | J13: ='Example Decision Tree'!$B$21 -> 0 | L13: 1,0,0,2,18,19,1,0,0 | M13: 0 | O13: ='Example Decision Tree'!$C$20 -> Alt Invstmnt | P13: FALSE
A14: ='Example Decision Tree'!$D$5 -> 9194.3458 | B14: Improve | C14: 0 | I14: DEFAULT | J14: ='Example Decision Tree'!$C$5 -> 0 | K14: ='Example Decision Tree'!$C$4 -> 0.8 | L14: 1,0,0,2,6,7,2,0,0 | M14: 0 | O14: ='Example Decision Tree'!$D$4 -> Rival | P14: FALSE
A15: ='Example Decision Tree'!$D$13 -> -5323.2676 | B15: Same | C15: 0 | I15: DEFAULT | J15: ='Example Decision Tree'!$C$13 -> 0 | K15: ='Example Decision Tree'!$C$12 -> 0.2 | L15: 1,0,0,2,8,9,2,0,0 | M15: 0 | O15: ='Example Decision Tree'!$D$12 -> Rival | P15: FALSE
A16: ='Example Decision Tree'!$E$3 -> 5514.0363 | B16: Strong | C16: 0 | H16: DEFAULT | I16: DEFAULT | J16: ='Example Decision Tree'!$D$3 -> 19214.036 | K16: ='Example Decision Tree'!$D$2 -> 0.6 | L16: 4,0,0,0,4,0,0 | M16: 0 | P16: FALSE
A17: ='Example Decision Tree'!$E$7 -> 14714.81 | B17: Weak | C17: 0 | H17: DEFAULT | I17: DEFAULT | J17: ='Example Decision Tree'!$D$7 -> 28414.81 | K17: ='Example Decision Tree'!$D$6 -> 0.4 | L17: 4,0,0,0,4,0,0 | M17: 0 | P17: FALSE
A18: ='Example Decision Tree'!$E$11 -> -6321.4576 | B18: Strong | C18: 0 | H18: DEFAULT | I18: DEFAULT | J18: ='Example Decision Tree'!$D$11 -> 7378.5424 | K18: ='Example Decision Tree'!$D$10 -> 0.6 | L18: 4,0,0,0,5,0,0 | M18: 0 | P18: FALSE
A19: ='Example Decision Tree'!$E$15 -> -3825.9825 | B19: Weak | C19: 0 | H19: DEFAULT | I19: DEFAULT | J19: ='Example Decision Tree'!$D$15 -> 9874.0175 | K19: ='Example Decision Tree'!$D$14 -> 0.4 | L19: 4,0,0,0,5,0,0 | M19: 0 | P19: FALSE
A28: ='Example Decision Tree'!$D$19 -> 10104.66 | B28: Strong | C28: 0 | H28: DEFAULT | I28: DEFAULT | J28: ='Example Decision Tree'!$C$19 -> 10104.66 | K28: ='Example Decision Tree'!$C$18 -> 0.4 | L28: 4,0,0,0,3,0,0 | M28: 0 | P28: FALSE
A29: ='Example Decision Tree'!$D$23 -> 3674.4219 | B29: Weak | C29: 0 | H29: DEFAULT | I29: DEFAULT | J29: ='Example Decision Tree'!$C$23 -> 3674.4219 | K29: ='Example Decision Tree'!$C$22 -> 0.6 | L29: 4,0,0,0,3,0,0 | M29: 0 | P29: FALSE
